[Event "European Womens-ch 2025"]
[Site "Rhodes"]
[Date "2025.04.08"]
[Round "8.58"]
[White "Bhatia, Kanishka"]
[Black "Kosma, Maria"]
[Result "1-0"]
[Annotator "NA RC"]
[ECO "E34"]
[WhiteElo "2012"]
[BlackElo "1826"]
[PlyCount "57"]
[EventDate "2025.03.29"]
[EventType "swiss"]
[EventCountry "GRE"]
[SourceTitle "playchess.com"]
[Source "ChessBase"]
[SourceQuality "1"]
[TimeControl "40/5400+30:1800+30"]

1. d4 Nf6 2. c4 e6 3. Nc3 Bb4 4. Qc2 d5 5. e3 O-O 6. Bd3 dxc4 7. Bxc4 b6 8. Nge2 Bb7 9. O-O Nbd7 10. a3 Bxc3 11. Nxc3 Qe7 12. Bd2 c5 13. Rfd1 Rac8 14. Bf1 e5 15. dxe5 Nxe5 16. Be1 Qe6 17. h3 Qxh3 18. f3 Qh5 19. e4 Qg5 20. Qf2 Qg6 21. Nb5 Rcd8 22. Nd6 Nfg4 23. Nf5 Qxf5 24. exf5 Nxf2 25. Kxf2 Bc8 26. Bc3 f6 27. g4 Bb7 28. Be2 Bd5 29. Bxe5 1-0

[Event "European Womens-ch 2025"]
[Site "Rhodes"]
[Date "2025.04.08"]
[Round "8.59"]
[White "Mitraka, Chrysoula-Paraskevi"]
[Black "Ciolacu, Alessia-Mihaela"]
[Result "0-1"]
[Annotator "RC"]
[ECO "E32"]
[WhiteElo "1820"]
[BlackElo "2136"]
[PlyCount "99"]
[EventDate "2025.03.29"]
[EventType "swiss"]
[EventCountry "GRE"]
[SourceTitle "playchess.com"]
[Source "ChessBase"]
[SourceQuality "1"]
[TimeControl "40/5400+30:1800+30"]

1. d4 Nf6 2. c4 e6 3. Nc3 Bb4 4. Qc2 b6 5. a3 Bxc3+ 6. Qxc3 Bb7 7. Bg5 h6 8. Bh4 g5 9. Bg3 Ne4 10. Qc2 d6 11. e3 Nd7 12. f3 Nxg3 13. hxg3 Qf6 14. Bd3 c5 15. Qf2 Rc8 16. Ne2 Ba6 17. Rc1 d5 18. b3 Qe7 19. O-O Nf6 20. Rfd1 dxc4 21. bxc4 cxd4 22. exd4 O-O 23. g4 Rc7 24. Rc3 Rfc8 25. Rdc1 Qd7 26. Qe3 Qd6 27. Kf2 Kg7 28. Ng3 Nd5 29. Qe4 Nxc3 30. Qh7+ Kf8 31. Qxh6+ Ke7 32. Qxg5+ Kd7 33. Nh5 Qxd4+ 34. Kg3 Qxd3 35. Nf6+ Kc6 36. Re1 Bxc4 37. Re3 Ne2+ 38. Kh2 Qd1 39. Rxe2 Qxe2 40. a4 Rd8 41. Ne4 Rh8+ 42. Kg3 Qe1+ 43. Nf2 Qg1 44. Nh3 Qd4 45. Nf4 Rd7 46. a5 Qd2 47. Nh3 Rxh3+ 48. Kxh3 Qxg5 49. a6 Rd1 50. f4 0-1

[Event "European Womens-ch 2025"]
[Site "Rhodes"]
[Date "2025.04.08"]
[Round "8.60"]
[White "Nahapetyan, Ani"]
[Black "Zvereva, Marija"]
[Result "1-0"]
[Annotator "NA RC"]
[ECO "B32"]
[WhiteElo "1887"]
[BlackElo "2033"]
[PlyCount "81"]
[EventDate "2025.03.29"]
[EventType "swiss"]
[EventCountry "GRE"]
[SourceTitle "playchess.com"]
[Source "ChessBase"]
[SourceQuality "1"]
[TimeControl "40/5400+30:1800+30"]

1. e4 c5 2. Nf3 Nc6 3. d4 cxd4 4. Nxd4 e5 5. Nb5 d6 6. c4 Be7 7. Be2 Nf6 8. N5c3 Be6 9. Be3 Rc8 10. O-O O-O 11. Qd2 h6 12. Na3 Na5 13. Nd5 Bxd5 14. exd5 b6 15. b4 Nb7 16. Nb5 Ra8 17. f4 a6 18. Nc3 Nd7 19. f5 Bg5 20. Ne4 Bxe3+ 21. Qxe3 f6 22. Rac1 a5 23. a3 axb4 24. axb4 Ra2 25. Rf3 Kf7 26. Rg3 Rg8 27. Bh5+ Ke7 28. Rg4 Qa8 29. Rg3 Qa7 30. Nc3 Ra1 31. Nb5 Qa4 32. Re1 Qa2 33. Nd4 g5 34. fxg6 Rxe1+ 35. Qxe1 Qxc4 36. Nf5+ Kd8 37. Rc3 Qf4 38. Rf3 Qg5 39. g4 e4 40. h4 Ne5 41. Rf1 1-0

[Event "European Womens-ch 2025"]
[Site "Rhodes"]
[Date "2025.04.08"]
[Round "8.61"]
[White "Korinioti, Myrto"]
[Black "Valkova, Angelika"]
[Result "0-1"]
[Annotator "NA RC"]
[ECO "C45"]
[WhiteElo "1667"]
[BlackElo "2001"]
[PlyCount "74"]
[EventDate "2025.03.29"]
[EventType "swiss"]
[EventCountry "GRE"]
[SourceTitle "playchess.com"]
[Source "ChessBase"]
[SourceQuality "1"]
[TimeControl "40/5400+30:1800+30"]

1. e4 e5 2. Nf3 Nc6 3. d4 exd4 4. Nxd4 Bc5 5. Nb3 Bb6 6. Nc3 Qf6 7. Qe2 Nge7 8. Be3 d6 9. O-O-O Bd7 10. Nd5 Nxd5 11. exd5 Ne5 12. h3 O-O-O 13. Bxb6 axb6 14. Nd4 Rde8 15. Qd2 g5 16. Bb5 Bxb5 17. Nxb5 Qf4 18. Qxf4 gxf4 19. Rd4 Rhg8 20. Rxf4 Rxg2 21. Rh4 Rxf2 22. Rxh7 Rg8 23. h4 Rgg2 24. Nd4 Rf4 25. Nb5 Nc4 26. Re1 Re2 27. Rd1 Ne3 28. Nd4 Ref2 29. Rd3 Nxd5 30. h5 Rh2 31. h6 Nb4 32. Rd1 Nxa2+ 33. Kb1 Nb4 34. Rh8+ Kd7 35. h7 Rxd4 36. Rd8+ Kxd8 37. h8=Q+ Rxh8 0-1

[Event "European Womens-ch 2025"]
[Site "Rhodes"]
[Date "2025.04.08"]
[Round "8.62"]
[White "Kiousi, Panagiota"]
[Black "Alexandri, Vasiliki"]
[Result "0-1"]
[Annotator "NA RC"]
[ECO "B18"]
[WhiteElo "1998"]
[BlackElo "1927"]
[PlyCount "74"]
[EventDate "2025.03.29"]
[EventType "swiss"]
[EventCountry "GRE"]
[SourceTitle "playchess.com"]
[Source "ChessBase"]
[SourceQuality "1"]
[TimeControl "40/5400+30:1800+30"]

1. e4 c6 2. d4 d5 3. Nc3 dxe4 4. Nxe4 Bf5 5. Ng3 Bg6 6. h4 h5 7. Nh3 e5 8. Qe2 Qxd4 9. c3 Qd6 10. Bd2 Nd7 11. O-O-O Qe6 12. c4 O-O-O 13. Ng5 Qe8 14. Ba5 b6 15. Bc3 Ngf6 16. N3e4 Nc5 17. Rxd8+ Qxd8 18. Nxc5 Bxc5 19. g3 Re8 20. Bh3+ Kb7 21. Rd1 Qc7 22. Nf3 Bd4 23. Bd2 Rd8 24. Bg5 Qd6 25. Nxd4 exd4 26. Bf4 d3 27. Qe3 Qb4 28. Kb1 Qxc4 29. Ka1 Re8 30. Be5 Ng4 31. Bxg4 Qxg4 32. f3 Qe6 33. Re1 Qd5 34. Qf4 d2 35. Rd1 Rxe5 36. a3 Re1 37. Qa4 Qxf3 0-1

[Event "European Womens-ch 2025"]
[Site "Rhodes"]
[Date "2025.04.08"]
[Round "8.63"]
[White "Karadas, Hena"]
[Black "Kalyva, Kyriaki"]
[Result "1-0"]
[Annotator "NA RC"]
[ECO "B30"]
[WhiteElo "1931"]
[BlackElo "1885"]
[PlyCount "57"]
[EventDate "2025.03.29"]
[EventType "swiss"]
[EventCountry "GRE"]
[SourceTitle "playchess.com"]
[Source "ChessBase"]
[SourceQuality "1"]
[TimeControl "40/5400+30:1800+30"]

1. e4 c5 2. Nf3 Nc6 3. Bb5 e6 4. O-O Nge7 5. d4 cxd4 6. Nxd4 Ng6 7. Be2 Be7 8. c4 O-O 9. Nc3 a6 10. Be3 d6 11. Qd2 Nxd4 12. Qxd4 Ne5 13. Rad1 Bd7 14. c5 Nc6 15. Qd2 d5 16. exd5 exd5 17. Nxd5 Be6 18. Nxe7+ Qxe7 19. Bf4 Qxc5 20. Bd6 Qa5 21. Bxf8 Qxd2 22. Rxd2 Kxf8 23. a3 Re8 24. h3 Na5 25. Bf3 Nb3 26. Rd6 b5 27. Re1 a5 28. Bd5 Rc8 29. Rdxe6 1-0

[Event "European Womens-ch 2025"]
[Site "Rhodes"]
[Date "2025.04.08"]
[Round "8.64"]
[White "Harutyunyan, Gabriela"]
[Black "Bania, Eleni"]
[Result "1-0"]
[Annotator "NA RC"]
[ECO "B45"]
[WhiteElo "1793"]
[BlackElo "1809"]
[PlyCount "79"]
[EventDate "2025.03.29"]
[EventType "swiss"]
[EventCountry "GRE"]
[SourceTitle "playchess.com"]
[Source "ChessBase"]
[SourceQuality "1"]
[TimeControl "40/5400+30:1800+30"]

1. e4 c5 2. Nf3 e6 3. d4 cxd4 4. Nxd4 Nf6 5. Nc3 Nc6 6. Ndb5 Bb4 7. a3 Bxc3+ 8. Nxc3 d5 9. Bd3 d4 10. Ne2 e5 11. h3 Qe7 12. b4 a6 13. O-O O-O 14. Ng3 Be6 15. f4 exf4 16. Bxf4 Nd7 17. e5 Qh4 18. Ne4 h6 19. Bg3 Qe7 20. Qh5 Bd5 21. Bh4 Qe8 22. Nf6+ Nxf6 23. exf6 Qe3+ 24. Rf2 Be4 25. fxg7 Kxg7 26. Raf1 Bg6 27. Bf6+ Kh7 28. Qg4 Rg8 29. Qd7 Raf8 30. Kh1 Bxd3 31. cxd3 Ne5 32. Bxe5 Qxe5 33. Rxf7+ Rg7 34. Rxg7+ Qxg7 35. Qxg7+ Kxg7 36. Rxf8 Kxf8 37. Kh2 Ke7 38. Kg3 Kd6 39. Kf4 Kd5 40. g4 1-0

[Event "European Womens-ch 2025"]
[Site "Rhodes"]
[Date "2025.04.08"]
[Round "8.66"]
[White "Kaka, Rengina Tsampika"]
[Black "Saraci, Ndriqona"]
[Result "1/2-1/2"]
[Annotator "NA RC"]
[ECO "A46"]
[WhiteElo "1509"]
[BlackElo "1692"]
[PlyCount "99"]
[EventDate "2025.03.29"]
[EventType "swiss"]
[EventCountry "GRE"]
[SourceTitle "playchess.com"]
[Source "ChessBase"]
[SourceQuality "1"]
[TimeControl "40/5400+30:1800+30"]

1. d4 Nf6 2. Bf4 e6 3. e3 c5 4. Nf3 Nc6 5. c3 a6 6. a4 cxd4 7. exd4 Be7 8. Bd3 Qb6 9. Qc2 Nh5 10. Bg3 Nxg3 11. hxg3 h6 12. Nbd2 d5 13. O-O Bd7 14. Qb3 Qc7 15. Rfb1 O-O 16. Qd1 a5 17. Qe2 Bd6 18. Bb5 Na7 19. Bxd7 Qxd7 20. c4 Bb4 21. Ne5 Qd8 22. cxd5 Qxd5 23. Ndf3 Rac8 24. Rc1 Rxc1+ 25. Rxc1 Qa2 26. Rc7 Qxa4 27. Rxb7 Nc6 28. b3 Qa1+ 29. Qf1 Qxf1+ 30. Kxf1 Nxe5 31. Nxe5 f6 32. Nc6 Bc3 33. Ra7 Rf7 34. Ra6 Rd7 35. Ke2 Kf7 36. f4 Kg6 37. Kf2 Rb7 38. Nxa5 Bxd4+ 39. Kf3 Ra7 40. Rxa7 Bxa7 41. Nc6 Bg1 42. b4 Kf7 43. Ke4 Ke8 44. Nd4 Kd7 45. g4 g5 46. f5 e5 47. Ne2 Bb6 48. Kd5 Bd8 49. Nc3 Be7 50. Ne4 1/2-1/2